 Dungeon Crawl Stone Soup version 0.23-a0-143-g1adec7b (webtiles) character file.

82 HarryHood the Cudgeler (level 4, -1/39 HPs)
             Began as a Minotaur Berserker on Sept 1, 2018.
             Was a Follower of Trog.
             Slain by Sigmund
             ... wielding a +5 scythe of venom
              (5 damage)
             ... on level 3 of the Dungeon.
             The game lasted 00:04:53 (1542 turns).

HarryHood the Cudgeler (Minotaur Berserker)         Turns: 1542, Time: 00:04:54

Health: -1/39      AC:  6    Str: 22    XL:     4   Next: 21%
Magic:  3/3        EV: 11    Int:  4    God:    Trog [*.....]
Gold:   133        SH:  4    Dex: 10    Spells: 3/3 levels left

rFire    . . .     SeeInvis .   a - +0 mace
rCold    . . .     Gourm    +   f - +0 buckler
rNeg     . . .     Faith    .   k - +0 ring mail (curse)
rPois    .         Spirit   .   (helmet restricted)
rElec    .         Reflect  .   n - +0 cloak
rCorr    .         Harm     .   (no gloves)
MR       .....     Rnd*Tele +   (no boots)
Stlth    ..........             e - amulet of the gourmand
HPRegen  0.13/turn              l - ring of teleportation (curse)
MPRegen  0.08/turn              (no ring)

@: lethally poisoned (-1 -> -30)
A: retaliatory headbutt, horns 2
a: Berserk, Renounce Religion


You were on level 3 of the Dungeon.
You worshipped Trog.
Trog was aware of your devotion.
You were not hungry.

You visited 1 branch of the dungeon, and saw 3 of its levels.

You collected 133 gold pieces.

Inventory:

Hand Weapons
 a - a +0 mace (weapon)
 b - a +0 hunting sling
Missiles
 g - 68 stones (quivered)
Armour
 d - a +0 scale mail
 f - a +0 buckler (worn)
 h - a +0 plate armour
 k - a cursed +0 ring mail (worn)
 n - a +0 cloak (worn)
Jewellery
 e - an amulet of the gourmand (around neck)
 l - a cursed ring of teleportation (left hand)
Scrolls
 m - a scroll of teleportation {@r0}
Potions
 i - a potion of might
 j - a potion of agility {unknown}
 o - a potion of curing {unknown}
Comestibles
 c - 2 rations {@e1}


   Skills:
 - Level 3.6 Fighting
 * Level 5.5 Maces & Flails
 - Level 2.4 Armour
 - Level 2.1 Dodging
 + Level 2.2 Shields


You had 3 spell levels left.
You didn't know any spells.
Your spell library was empty.

Dungeon Overview and Level Annotations

Branches:
Dungeon (3/15)

Altars:
Nemelex Xobeh

Annotations:
D:3 Sigmund


Innate Abilities, Weirdness & Mutations

You reflexively headbutt those who attack you in melee.
You have a pair of horns on your head.


Message History

You take 13 damage, and have 17/39 hp.
MASSIVE DAMAGE!!
You barely miss something.
You feel very sick. Something hits you.
You are more poisoned.
You take 4 damage, and have 13/39 hp.
You miss something.
* * * LOW HITPOINT WARNING * * *
You feel very sick. Something hits you but does no damage.
You take 3 damage, and have 10/39 hp.
You barely miss something.
* * * LOW HITPOINT WARNING * * *
You feel very sick.
You take 3 damage, and have 7/39 hp.
You miss something.
* * * LOW HITPOINT WARNING * * *
You feel very sick. Something hits you.
You die...

#############....#
#................#
#................# #
#................# #.
#................ #..
#.............#
#...#.............#
#...{@............####
#.....................
#.......#######.......
#$......# #.......
#........ #.......
########.. #.......
... #....... ....
#....... .....
#.......


There were no monsters in sight!

Vanquished Creatures
  Terence (D:2)
  An adder (D:2)
  4 oozes
  A dart slug (D:3)
  A leopard gecko (D:3)
  A giant cockroach (D:1)
  3 goblins
  A hobgoblin (D:1)
  8 kobolds
  3 bats
  3 frilled lizards
  6 rats
33 creatures vanquished.

Notes
Turn   | Place    | Note
-------+----------+-------------------------------------------
     0 | D:1      | HarryHood the Minotaur Berserker began the quest for the
                  | Orb.
     0 | D:1      | Reached XP level 1. HP: 19/19 MP: 0/0
    49 | D:1      | Reached skill level 4 in Maces & Flails
   246 | D:1      | Reached XP level 2. HP: 24/26 MP: 1/1
   535 | D:1      | Found a sparkling altar of Nemelex Xobeh.
   902 | D:2      | Reached skill level 5 in Maces & Flails
   902 | D:2      | Reached skill level 1 in Shields
   902 | D:2      | Reached XP level 3. HP: 29/31 MP: 2/2
   955 | D:2      | Noticed Terence
   965 | D:2      | Killed Terence
  1259 | D:2      | Reached skill level 2 in Shields
  1259 | D:2      | Reached XP level 4. HP: 39/39 MP: 3/3
  1527 | D:3      | Noticed Sigmund
  1542 | D:3      | Slain by Sigmund

Vault maps used:
D:1:      minmay_arrival_four_houses, nemelex_xobeh_ov_fountains_minmay
D:2:      uniq_terence
D:3:      hangedman_feature_mirror, trog_wizard, uniq_sigmund, uniq_grinder,
          uniq_natasha

Skill      XL: |  1  2  3 |
---------------+----------+-----
Maces & Flails | 4 5 |  5.5
Shields        | 1 2 |  2.2
Fighting       | |  3.6
Armour         | |  2.4
Dodging        | |  2.1

Action                   |  1- 3 |  4- 6 || total
-------------------------+-------+-------++-------
Melee: Mace              |    61 |    17 ||    78
       Headbutt          |     7 |       ||     7
  Use: Scroll            |     2 |     1 ||     3
  Eat: Chunk             |     6 |     2 ||     8
Armor: Ring mail         |    22 |     1 ||    23
Dodge: Dodged            |    33 |     7 ||    40
Block: Buckler           |     6 |     2 ||     8

Table legend:
 A = Non-vault XP
 B = Vault XP
 C = Vault XP percentage of total XP
 D = Non-vault monster count
 E = Vault monster count
 F = Vault count percentage of total count
                 A         B        C        D         E       F
            +---------+---------+-------+---------+---------+-------
      Total |      81 |      37 |  31.4 |      31 |       2 |   6.1
            +---------+---------+-------+---------+---------+-------
        D:1 |      25 |       0 |   0.0 |      14 |       0 |   0.0
        D:2 |      40 |      36 |  47.4 |      12 |       1 |   7.7
        D:3 |      16 |       1 |   5.9 |       5 |       1 |  16.7
            +---------+---------+-------+---------+---------+-------
